cohdb
Replays
Latest Replays
All Replays
Popular Replays
Top Player Replays
Match Explorer
How It Works
Community
CoH3 Stats
Reddit
Sign in to upload your games and track your stats! →
Sign in with Steam
Match 39880160
Unlisted
Match 39880160
Overview
Messages
Build Orders
End
Royal Engineer Section
Construct Section Command Post
Selects Canadian Shock Battlegroup
Dingo Light Scout Car
Vickers Machine Gun Team
Infantry Section
Construct Platoon Command Post
Selects Offensive Resupply
Selects Canadian Shock Section
Humber Armored Car
Unlock M3 Stuart Light Tanks
Canadian Shock Section
Selects Incendiary Munitions
Selects Pyrotechnics
Construct Field Infirmary
M3 Stuart Light Tank
M3 Stuart Light Tank
6-pounder Anti-tank Gun Team
Canadian Shock Section
Canadian Shock Section
6-pounder Anti-tank Gun Team
Selects Churchill Crocodile Heavy Tank
von
REGULATOR
0
0
Comments
sign in to comment!
No comments posted yet!